Map: Ruins of Seras

Players

AcerBly (Bly) - Winner!

  • Race: Zerg Zerg
  • League: Diamond

lIlIlIlIlIlI (Neeb)

  • Race: Protoss Protoss
  • League: Master

Event: Team Gravity's Fight Night #36

VOD

https://youtu.be/843jdf6c29Q?t=32m45s

Description

Time

  • Played on: Oct. 25, 2015, 5:51 p.m.
  • Length: 5:21

All games in this series

Show
View Real Time Build Order
Export as new Build Order

AcerBly Zerg - Winner!

Build Orders: Hatch First, Roach Nydus 

Get SALT Encoding   

  12  0:01  Drone  
  13  0:13  Overlord  
  13  0:20  Drone  
  14  0:32  Drone x2  
  14  0:35  Drone  
  17  0:57  Hatchery  
  17  1:02  Drone  
  17  1:06  Drone  
  18  1:13  Spawning Pool  
  18  1:16  Drone  
  18  1:19  Drone  
  19  1:34  Extractor  
  19  1:38  Drone  
  19  1:44  Overlord  
  19  2:01  Queen  
  19  2:03  Zergling x4  
  23  2:10  Queen  
  23  2:11  Drone  
  23  2:12  Drone  
  27  2:21  Drone  
  28  2:27  Drone  
  29  2:31  Drone  
  29  2:33  Overlord  
  30  2:43  Drone  
  31  2:46  Lair  
  31  2:54  Drone x3  
  34  3:08  Drone x2  
  34  3:12  Overlord, Queen  
  37  3:15  Drone x3, Roach Warren  
  37  3:16  Extractor x2  
  37  3:20  Drone x2  
  39  3:28  Overlord  
  39  3:31  Drone x2  
  39  3:32  Drone  
  42  3:44  Queen  
  42  3:47  Queen  
  46  3:57  Nydus Network  
  45  4:04  Roach x4  
  53  4:12  Overlord  
  53  4:27  Overlord x2  
  53  4:28  Overlord x2  
  53  4:38  Nydus Canal  
  53  4:43  Roach x3  
  59  4:56  Roach x2  
  59  4:57  Roach x2  
  69  5:00  Roach  
Show
View Real Time Build Order
Export as new Build Order

lIlIlIlIlIlI Protoss 

Build Orders: 1 Gate Expand 

Get SALT Encoding   

  12  0:01  Probe (Chrono Boost)  
  13  0:11  Probe (Chrono Boost)  
  14  0:18  Pylon  
  14  0:22  Probe (Chrono Boost)  
  15  0:37  Probe (Chrono Boost)  
  15  0:38  Gateway  
  16  0:47  Probe (Chrono Boost)  
  17  0:58  Probe (Chrono Boost)  
  18  1:08  Probe (Chrono Boost)  
  19  1:16  Nexus  
  19  1:26  Cybernetics Core  
  19  1:30  Probe (Chrono Boost)  
  20  1:33  Assimilator  
  20  1:41  Probe (Chrono Boost)  
  20  1:45  Assimilator  
  21  1:49  Pylon  
  21  1:52  Probe (Chrono Boost)  
  22  2:02  Probe (Chrono Boost)  
  22  2:07  Adept (Chrono Boost)  
  25  2:13  Probe  
  26  2:17  Warp Gate (Chrono Boost)  
  26  2:25  Probe (Chrono Boost)  
  26  2:29  Probe (Chrono Boost)  
  28  2:31  Stalker  
  31  2:37  Probe (Chrono Boost)  
  31  2:40  Probe (Chrono Boost)  
  32  2:47  Probe (Chrono Boost)  
  32  2:48  Robotics Facility  
  32  2:50  Probe (Chrono Boost)  
  34  2:58  Probe (Chrono Boost)  
  35  3:01  Probe (Chrono Boost)  
  36  3:08  Probe (Chrono Boost)  
  36  3:11  Probe (Chrono Boost)  
  36  3:17  Gateway  
  36  3:19  Gateway  
  36  3:21  Gateway  
  36  3:24  Probe (Chrono Boost)  
  36  3:26  Sentry  
  40  3:31  Warp Prism (Chrono Boost)  
  40  3:35  Pylon  
  40  3:39  Probe  
  40  3:40  Probe  
  43  3:51  Probe, Assimilator  
  43  3:52  Probe  
  45  3:56  Assimilator  
  45  4:02  Pylon  
  45  4:03  Pylon  
  45  4:04  Probe (Chrono Boost)  
  45  4:06  Probe (Chrono Boost)  
  47  4:19  Stalker, Adept x2  
  54  4:24  Probe (Chrono Boost)  
  54  4:25  Stargate  
  54  4:27  Pylon  
  54  4:28  Probe (Chrono Boost)  
  54  4:29  Observer  
  55  4:34  Probe (Chrono Boost)  
  57  4:40  Probe (Chrono Boost)  
  57  4:45  Robotics Bay  
  60  4:53  Probe (Chrono Boost)  
  60  4:59  Mothership Core (Chrono Boost)  
  65  5:05  Probe (Chrono Boost)  

Tags
 
Add a new tag
Caveats
  • Supply blocks, unpowered buildings, or Contaminate may cause inaccurate times.
  • Supply counts are checked every 10 seconds.